 Dungeon Crawl Stone Soup version 0.29-a0-378-gc08b2e8bf8 (webtiles) character file.

Game seed: 18043254227221298010

15894 KateP the Severer (level 12, -8/113 HPs)
             Began as a Minotaur Fighter on May 5, 2022.
             Was a High Priest of Okawaru.
             Mangled by a sun demon (12 damage)
             ... summoned by Frances
             ... on level 12 of the Dungeon.
             The game lasted 00:18:04 (14416 turns).

KateP the Severer (Minotaur Fighter)               Turns: 14416, Time: 00:18:06

Health: -8/113     AC: 10    Str: 33    XL:     12   Next: 5%
Magic:  11/11      EV:  8    Int:  5    God:    Okawaru [*****.]
Gold:   860        SH:  0    Dex: 17    Spells: 11/11 levels left

rFire   + . .      SeeInvis .   z - +2 battleaxe (freeze)
rCold   . . .      Faith    .   (shield currently unavailable)
rNeg    . . .      Spirit   .   h - +0 plate armour
rPois   .          Reflect  .   (helmet restricted)
rElec   .          Harm     .   t - +0 cloak
rCorr   .          Rampage  .   A - +0 pair of gloves
Will    .....                   (no boots)
Stlth   ..........              (no amulet)
HPRegen 0.28/turn               x - +6 ring of strength
MPRegen 0.12/turn               q - +6 ring of dexterity

@: corroded
A: horns 2, retaliatory headbutt, fire resistance 1, strong 1, wild magic 1
a: Renounce Religion, Heroism, Finesse, Duel


You were on level 12 of the Dungeon.
You worshipped Okawaru.
Okawaru was extremely pleased with you.
You visited 1 branch of the dungeon, and saw 12 of its levels.

You collected 860 gold pieces.

Inventory:

Hand Weapons
 a - a +2 war axe
 z - a +2 battleaxe of freezing (weapon)
Missiles
 i - 2 throwing nets (quivered)
Armour
 c - a +0 buckler
 h - a +0 plate armour (worn)
 t - a +0 cloak (worn)
 A - a +0 pair of gloves (worn)
Jewellery
 n - a ring of protection from cold
 q - a +6 ring of dexterity (right hand)
 x - a +6 ring of strength (left hand)
 y - a ring of resist corrosion
 D - a ring of wizardry
Wands
 s - a wand of flame (4)
Scrolls
 e - 9 scrolls of teleportation
 f - 3 scrolls of amnesia
 g - 2 scrolls of fear
 k - a scroll of silence
 m - 2 scrolls of blinking
 p - 3 scrolls of fog
 u - a scroll of identify
 v - a scroll of enchant weapon
 w - a scroll of magic mapping
 C - 3 scrolls of noise {unknown}
Potions
 b - 3 potions of invisibility
 d - a potion of brilliance {unknown}
 j - a potion of flight {unknown}
 l - a potion of haste
 o - 7 potions of curing
 r - 2 potions of mutation
 B - a potion of attraction {unknown}


   Skills:
 + Level 12.3 Fighting
 * Level 16.5 Axes
 + Level 12.4 Armour
 - Level 3.6 Shields


You had 11 spell levels left.
You didn't know any spells.
Your spell library contained the following spells:

 Spells                   Type           Power      Damage    Failure   Level
 Freeze                   Ice            0%         1d3       98%         1
 Magic Dart               Conj           0%         1d3       98%         1
 Slow                     Hex            0%         N/A       98%         1
 Corpse Rot               Necr/Air       0%         N/A       99%         2
 Scorch                   Fire           0%         2d5       99%         2
 Confusing Touch          Hex            0%         N/A       100%        3
 Frozen Ramparts          Ice            0%         1d2       100%        3
 Mephitic Cloud           Conj/Pois/Air  0%         N/A       100%        3
 Vampiric Draining        Necr           0%         2d6       100%        3
 Dispel Undead            Necr           0%         3d6       100%        4
 Flame Wave               Conj/Fire      0%         2d4       100%        4
 Hailstorm                Conj/Ice       0%         3d3       100%        4
 Olgreb's Toxic Radiance  Pois           0%         N/A       100%        4
 Passage of Golubria      Tloc           0%         N/A       100%        4
 Freezing Cloud           Conj/Ice/Air   0%         6-21      100%        5
 Yara's Violent Unravell  Hex/Tmut       0%         3d3       100%        5
 Orb of Destruction       Conj           0%         9d5       100%        7
 Ozocubu's Refrigeration  Ice            0%         4d5       100%        7
 Storm Form               Tmut/Air       0%         N/A       100%        7
 Ignition                 Fire           0%         3d3       100%        8
 Maxwell's Capacitive Co  Air            0%         ∞         100%        8
 Polar Vortex             Ice            0%         N/A       100%        9
 Call Imp                 Summ           Unusable   N/A       N/A         2
 Summon Guardian Golem    Hex/Summ       Unusable   N/A       N/A         3
 Tukima's Dance           Hex            Unusable   N/A       N/A         3
 Summon Lightning Spire   Summ/Air       Unusable   N/A       N/A         4
 Death Channel            Necr           Unusable   N/A       N/A         6
 Simulacrum               Ice/Necr       Unusable   N/A       N/A         6
 Summon Cactus Giant      Summ           Unusable   N/A       N/A         6
 Spellforged Servitor     Conj/Summ      Unusable   N/A       N/A         7

Dungeon Overview and Level Annotations

Branches:
Dungeon (12/15)            Temple (0/1) D:5            Lair (0/6) D:10
    Orc (0/2) D:10

Altars:
Okawaru
Yredelemnul

Shops:
D:1 (   D:3 :

Portals:
Trove: D:12 (give 5 potions of resistance)

Annotations:
D:12 3 runed translucent doors, Frances; flestrin's ghost, journeyman DECj


Innate Abilities, Weirdness & Mutations

You have a pair of horns on your head.
You reflexively headbutt those who attack you in melee.
Your flesh is heat resistant. (rF+)
Your muscles are strong. (Str +2)
Your spells are a little harder to cast, but a little more powerful.


Message History

Frances is moderately wounded.
Frances screams a word of power!
There are monsters nearby!
There are monsters nearby!
You slice Frances!! You freeze Frances. You headbutt Frances, but do no damage.
Frances is severely wounded.
You closely miss the sun demon. Frances hits you with a +0 hand axe!
The sun demon hits you!!
You are engulfed in flames!
You resist.
You hit Frances but do no damage.
Frances is severely wounded.
You slash the sun demon! You freeze the sun demon.
Frances hits you with a +0 hand axe! The sun demon hits you!!
You are engulfed in flames!
You resist.
You are too injured to fight recklessly!
There are monsters nearby!
There are monsters nearby!
You are too injured to fight recklessly!
There are monsters nearby!
You hit Frances. You freeze Frances. You headbutt Frances.
Frances is severely wounded.
You completely miss the sun demon. The sun demon hits you!
* * * LOW HITPOINT WARNING * * *
You are engulfed in flames!
You resist.
* * * LOW HITPOINT WARNING * * *
Frances hits you but does no damage.
You hit Frances. You freeze Frances.
Frances is severely wounded.
You hit the rust devil but do no damage.
You hit the sun demon but do no damage. The rust devil hits you.
The rust devil corrodes you! The sun demon closely misses you.
Frances screams a word of power!
Frances seems to speed up.
You feel much better.
Frances sneers.
Frances hits you with a +0 hand axe!!
* * * LOW HITPOINT WARNING * * *
The rust devil hits you!
* * * LOW HITPOINT WARNING * * *
The rust devil corrodes you! The sun demon hits you!
You die...

#####..#
#..# #..#
#..# #..#
#..# ####
#..# #..#
#..# #..#
#..# #@3#
......@4.#
.........#
....######
... ##


You could see Frances (fast), a sun demon (summoned) and a rust devil
(summoned).

Vanquished Creatures
  A boulder beetle (D:11)
  Erica (D:11)
  Pikel (D:6)
  An ugly thing (D:12)
  A cyclops (D:11)
  Maurice (D:8)
  An unseen horror (D:12)
  2 komodo dragons
  A freezing wraith (D:12)
  A kobold demonologist (D:9)
  2 trolls
  2 hornets (D:8)
  5 slime creatures (D:12)
  4 shadows
  A wraith (D:12)
  Sigmund (D:2)
  A wyvern (D:7)
  The ghost of Opifex the Chopper, an amateur HOFi of Beogh (D:6)
  21 yaks
  7 vampire mosquitoes
  Menkaure (D:6)
  Duvessa (D:6)
  2 acid dragons
  4 water moccasins
  An ice beast (D:7)
  3 orc warriors
  3 black bears
  An ogre (D:5)
  12 centaurs
  A lemure (D:6)
  A phantom (D:7)
  2 kobold brigands
  6 bullfrogs
  4 scorpions
  4 wights (D:9)
  Dowan (D:6)
  3 killer bees (D:10)
  3 howler monkeys (D:12)
  2 electric eels (D:4)
  A hound (D:5)
  3 jellies
  7 orc priests
  3 gnoll shamans (D:7)
  7 orc wizards
  3 iguanas
  20 gnolls
  10 adders
  A shadow imp (D:8)
  A white imp (D:7)
  3 ufetubi
  4 dart slugs
  4 worms
  29 orcs
  11 ball pythons
  3 endoplasms
  7 giant cockroaches
  8 goblins
  3 hobgoblins
  3 jackals (D:3)
  18 kobolds
  6 quokkas
  6 bats
  3 frilled lizards
  4 rats
279 creatures vanquished.

Vanquished Creatures (others)
  10 plants
10 creatures vanquished.

Grand Total: 289 creatures vanquished

Notes
Turn   | Place    | Note
-------+----------+-------------------------------------------
     0 | D:1      | KateP the Minotaur Fighter began the quest for the Orb.
     0 | D:1      | Reached XP level 1. HP: 19/19 MP: 0/0
    39 | D:1      | Found Qaockate's Antique Weapon Shoppe.
   164 | D:1      | Reached XP level 2. HP: 27/27 MP: 1/1
   258 | D:1      | Reached skill level 3 in Axes
   938 | D:2      | Reached XP level 3. HP: 14/33 MP: 2/2
  1409 | D:2      | Reached skill level 4 in Axes
  1412 | D:2      | Reached XP level 4. HP: 27/40 MP: 3/3
  1514 | D:2      | Found a basalt altar of Yredelemnul.
  1756 | D:2      | Noticed Sigmund
  1764 | D:2      | Killed Sigmund
  1765 | D:2      | Reached skill level 5 in Fighting
  1765 | D:2      | Reached skill level 5 in Axes
  1765 | D:2      | Reached XP level 5. HP: 35/48 MP: 4/4
  1901 | D:2      | Reached skill level 5 in Armour
  1951 | D:2      | Reached XP level 6. HP: 44/56 MP: 5/5
  2634 | D:3      | Found an iron altar of Okawaru.
  2647 | D:3      | Became a worshipper of Warmaster Okawaru
  2667 | D:3      | Found Sureomol's Book Shoppe.
  2847 | D:3      | Reached skill level 6 in Axes
  3481 | D:4      | Found a transporter.
  3613 | D:4      | Reached * piety under Okawaru
  3651 | D:4      | Found a transporter.
  3671 | D:4      | Reached XP level 7. HP: 44/62 MP: 6/6
  3672 | D:4      | Reached skill level 7 in Axes
  4548 | D:5      | Entered Level 5 of the Dungeon
  4627 | D:5      | Reached skill level 8 in Axes
  4812 | D:5      | Reached XP level 8. HP: 23/71 MP: 7/7
  4814 | D:5      | Gained mutation: You passively map a small area around you.
                  | [potion of mutation]
  4814 | D:5      | Gained mutation: Your mind is acute. (Int +2) [potion of
                  | mutation]
  4814 | D:5      | Gained mutation: You are agile. (Dex +2) [potion of
                  | mutation]
  4819 | D:5      | Reached ** piety under Okawaru
  5100 | D:5      | Lost mutation: You are agile. (Dex +2) [potion of mutation]
  5100 | D:5      | Lost mutation: You passively map a small area around you.
                  | [potion of mutation]
  5100 | D:5      | Lost mutation: Your mind is acute. (Int +2) [potion of
                  | mutation]
  5100 | D:5      | Gained mutation: Your spells are a little harder to cast,
                  | but a little more powerful. [potion of mutation]
  5100 | D:5      | Gained mutation: Your flesh is heat resistant. (rF+)
                  | [potion of mutation]
  5100 | D:5      | Gained mutation: Your muscles are strong. (Str +2) [potion
                  | of mutation]
  5340 | D:5      | Found a staircase to the Ecumenical Temple.
  5343 | D:5      | Reached skill level 9 in Axes
  5601 | D:6      | Noticed Menkaure
  5608 | D:6      | Killed Menkaure
  5969 | D:6      | Noticed Pikel
  5975 | D:6      | Noticed Duvessa
  5979 | D:6      | Noticed Dowan
  5982 | D:6      | Killed Pikel
  5982 | D:6      | Reached *** piety under Okawaru
  5983 | D:6      | Reached skill level 10 in Axes
  5983 | D:6      | Reached XP level 9. HP: 67/81 MP: 8/8
  5991 | D:6      | Killed Duvessa
  5993 | D:6      | Killed Dowan
  6374 | D:6      | Found a runed translucent gate.
  6375 | D:6      | Found a runed translucent gate.
  6375 | D:6      | Found a runed translucent gate.
  6376 | D:6      | Noticed Opifex's ghost (amateur HOFi)
  6452 | D:6      | Killed Opifex's ghost
  7228 | D:7      | Reached **** piety under Okawaru
  7229 | D:7      | Reached skill level 11 in Axes
  7693 | D:7      | Reached skill level 12 in Axes
  8278 | D:8      | Reached XP level 10. HP: 88/91 MP: 9/9
  8318 | D:8      | Reached ***** piety under Okawaru
  8646 | D:8      | Noticed Maurice
  8657 | D:8      | Killed Maurice
  8943 | D:9      | Reached skill level 13 in Axes
  9185 | D:9      | Reached skill level 10 in Armour
  9188 | D:9      | Reached skill level 10 in Fighting
  9194 | D:9      | Received a gift from Okawaru
 10570 | D:10     | Entered Level 10 of the Dungeon
 10643 | D:10     | Reached skill level 14 in Axes
 11034 | D:10     | Found a staircase to the Orcish Mines.
 11061 | D:10     | Reached XP level 11. HP: 88/101 MP: 10/10
 11546 | D:10     | Found a staircase to the Lair.
 11676 | D:11     | Noticed Erica
 11678 | D:11     | Identified the +2 hat "Ufifarij" {rElec Dex+6 Slay-6
                  | Stlth+} (Okawaru gifted it to you on level 11 of the
                  | Dungeon)
 11678 | D:11     | Received a gift from Okawaru
 11691 | D:11     | Killed Erica
 11692 | D:11     | Reached skill level 15 in Axes
 12380 | D:11     | Noticed a boulder beetle
 12394 | D:11     | Killed a boulder beetle
 12886 | D:12     | Noticed a purple ugly thing
 12892 | D:12     | Killed a purple ugly thing
 13379 | D:12     | Found a portal to a secret trove of treasure.
 13385 | D:12     | Found an iron altar of Okawaru.
 13437 | D:12     | Reached skill level 16 in Axes
 13663 | D:12     | Found a runed translucent gate.
 13664 | D:12     | Found a runed translucent gate.
 13665 | D:12     | Found a runed translucent gate.
 13667 | D:12     | Noticed flestrin's ghost (journeyman DECj)
 13667 | D:12     | Noticed a phantasmal warrior
 13667 | D:12     | Found the ring of the Hare {EV+8}
 13667 | D:12     | Noticed a phantasmal warrior
 13847 | D:12     | Reached XP level 12. HP: 101/112 MP: 11/11
 14410 | D:12     | Noticed Frances
 14416 | D:12     | HP: 4/113 [rust devil[Frances] (7)]
 14416 | D:12     | Mangled by a sun demon

Illustrated notes

Levels and vault maps discovered:
D:1:      eino_arrival_tree_alley, layout_basic, serial_shops,
          nicolae_diamond_shop, minmay_box_of_dots
D:2:      layout_basic, basic_altar, grunt_decor_arrowhead, amethyst_killhole,
          chequers_serial_rivers_small_3, minmay_misc_feat_rugged,
          serial_bayou_pond_d, minmay_misc_feat_room, uniq_sigmund
D:3:      layout_loops_ring, mainiacjoe_overflow_six_doors_small, serial_shops,
          nicolae_shop_advertising_works [nicolae_subvault_shop_adworks],
          roderic_lattice_a
D:4:      gammafunk_steamed_eel, layout_basic
D:5:      layout_basic, minmay_temple_entry_glass, serial_corexii_hall,
          chequers_hall_statues_y, corexii_hall_statues_l
D:6:      layout_layer_cave, ebering_ghost_rock_garden, uniq_menkaure,
          uniq_pikel, uniq_duvessa
D:7:      layout_loops_ring, kennysheep_potato
D:8:      layout_rooms, uniq_maurice
D:9:      layout_stronghold
D:10:     layout_roguey, david_lair_shrubbed, orc_0_dummy
D:11:     layout_irregular_city, uniq_erica
D:12:     layout_grid_maze, enter_trove_1, gammafunk_ghost_spectres, drop_trap,
          okawaru_ov_weapons_minmay, uniq_frances

Skill      XL: |  1  2  3  4  5  6  7  8  9 10 11 |
---------------+----------------------------------+-----
Axes           | 3 4 5 6 8 10 12 14 16 | 16.5
Fighting       | 4 5 6 8 9 10 12 | 12.3
Armour         | 4 5 6 8 9 10 12 | 12.4
Shields        | |  3.6

Action                   |  1- 3 |  4- 6 |  7- 9 | 10-12 || total
-------------------------+-------+-------+-------+-------++-------
Melee: War axe           |    81 |   126 |   253 |    54 ||   514
       Headbutt          |    10 |    16 |    42 |    58 ||   126
       Battleaxe         |       |       |       |   178 ||   178
  Use: Scroll            |       |       |    13 |     1 ||    14
       Potion            |       |       |    11 |     1 ||    12
Armor: Scale mail        |    13 |       |       |       ||    13
       Plate armour      |    38 |   104 |   157 |   144 ||   443
       Skin              |       |       |     3 |       ||     3
Dodge: Dodged            |    32 |    41 |    77 |    91 ||   241
Block: Buckler           |    24 |    29 |    71 |    11 ||   135

Table legend: (Time is in decaauts)
 A = Elapsed time spent in this place.
 B = Non-inter-level travel time spent in this place.
 C = Inter-level travel time spent in this place.
 D = Time resting spent in this place.
 E = Time spent auto-exploring this place.
 F = Levels seen in this place.
 G = Mean time per level.
                   A        B        C        D        E       F      G
               +--------+--------+--------+--------+--------+-----+--------+
         Total |  14471 |  14435 |     36 |   1369 |  10940 |  12 | 1205.9 |
       Dungeon |  14471 |  14435 |     36 |   1369 |  10940 |  12 | 1205.9 |
               +--------+--------+--------+--------+--------+-----+--------+

Top non-repeatable levels by time:
     D:2: 1661 daAuts
     D:9: 1644 daAuts
    D:12: 1594 daAuts
     D:4: 1430 daAuts
     D:6: 1269 daAuts
    D:11: 1156 daAuts
     D:7: 1133 daAuts
    D:10: 1084 daAuts
     D:5: 990 daAuts
     D:3: 937 daAuts
     D:1: 911 daAuts
     D:8: 656 daAuts
